AoeStats
← STONE

Arabia

510045691Analyzed
1v1 RM · 2d ago on Sep 29, 2026· 15m 25s· 2 players
Game mode
Random Map
Map size
Tiny (2 player)
Population
200
Speed
Normal
Resources
Standard
Victory
Conquest
Starting age
Dark Age
Ending age
Imperial Age
RankedLock teamsTeams togetherTeam positionsShared explorationLock speedFull tech treeHidden civsTurbo modeCheats
Victory
Defeat
🇨🇳 Berbers · China
870
+16
🇲🇽 Aztecs · Mexico
863
-16
Darkkened
6:49 Loom
9:37 Feudal Age
10:04 Double-Bit Axe
13:17 Fletching
STONE
2:28 Loom
11:13 Feudal Age
11:16 Man-at-Arms
13:40 Arson
14:23 Horse Collar
Connection lost

Rejoining the realm…

Still unreachable

The connection could not be restored.

Session expired

The server has moved on; the page needs a fresh start.